 Dungeon Sprint DCSS version 0.30.1-11-g7821555f0a (webtiles) character file.

Game seed: 7037467940315959953

7129 Groucho the Swashbuckler (level 10, 0/51 HPs)
             Began as a Spriggan Enchanter on Dec 19, 2023.
             Was an Elder of Dithmenos.
             Succumbed to something's dark miasma
             ... in the Dungeon (Sprint II: "The Violet Keep of Menkaure").
             The game lasted 00:08:47 (959 turns).

Groucho the Swashbuckler (Spriggan Enchanter)        Turns: 959, Time: 00:08:48

Health: 0/51       AC:  1    Str:  2    XL:     10   Next: 85%
Magic:  18/18      EV: 19    Int: 22    God:    Dithmenos [****..]
Gold:   165        SH:  0    Dex: 15    Spells: 5/19 levels left

rFire   + . .        a - +1 dagger
rCold   + . .        (no shield)
rNeg    . . .        b - +0 robe
rPois   +            (helmet restricted)
rElec   .            (no cloak)
rCorr   .            (gloves unavailable)
SInv    +            (boots unavailable)
Will    +....        (no amulet)
Stlth   +++++++++    c - ring of the Genius {Fly rPois rF+ rC+}
HPRegen 0.28/turn    (no ring)
MPRegen 0.16/turn

%: no teleportation
@: lethally poisoned (0 -> -37), flying, slowed, wreathed by umbra, quick
A: very small, no large weapons, unfitting armour, see invisible, speed 3,
deformed body, weak 1
a: Renounce Religion, Shadow Step


You were in the Dungeon.
You worshipped Dithmenos.
Dithmenos was greatly pleased with you.
You visited 1 branch You collected 1296 gold pieces.
You spent 1131 gold pieces at shops.

Inventory:

Hand Weapons
 a - a +1 dagger (weapon)
Armour
 b - a +0 robe (worn)
Jewellery
 c - the ring of the Genius (left hand) {Fly rPois rF+ rC+}
   (You bought it in a shop in the Dungeon)

   [ring of protection from fire]

   rF:        It protects you from fire.
   rC:        It protects you from cold.
   rPois:     It protects you from poison.
   Fly:       It grants you flight.
Potions
 d - a potion of curing
 g - 2 potions of magic
 h - a potion of berserk rage


   Skills:
 - Level 5.0 Fighting
 - Level 19.8 Short Blades
 - Level 5.0 Dodging
 - Level 15.0 Stealth
 - Level 5.0 Spellcasting
 * Level 4.8 Conjurations
 - Level 14.0 Hexes
 * Level 5.8 Earth Magic


You had 5 spell levels left.
You knew the following spells:

 Your Spells              Type           Power      Damage    Failure   Level
a - Ensorcelled Hibernat  Hex/Ice        72%        N/A       1%          2
b - Confusing Touch       Hex            61%        N/A       1%          3
c - Dazzling Flash        Conj/Hex       92%        N/A       1%          3
d - Iron Shot             Conj/Erth      14%        9d4       87%         6

Your spell library contained the following spells:

 Spells                   Type           Power      Damage    Failure   Level
 Tukima's Dance           Hex            61%        N/A       1%          3
 Iskenderun's Battlesphe  Conj           26%        2d8       36%         5
 Spellforged Servitor     Conj/Summ      8%         N/A       100%        7


Dungeon Overview and Level Annotations

Branches:
Dungeon (1/1)

Altars:
Cheibriados
Dithmenos
Elyvilon
Fedhas
Gozag
Hepliaklqana
Kikubaaqudgha
Makhleb
Nemelex Xobeh
Okawaru
Qazlal
Ru
Sif Muna
Trog
Uskayaw
Vehumet
Wu Jian
Xom
Yredelemnul
Zin
The Shining One
Jiyva
Lugonu

Shops:
D :![:=*?!=?![::(

Annotations:
D exclusions: oklob plant and orange crystal statue


Innate Abilities, Weirdness & Mutations

You are very small and have problems with some larger weapons.
You are too small for most types of armour.
You have supernaturally acute eyesight. (SInv)
You cover ground extremely quickly. (Speed+++)
Armour fits poorly on your strangely shaped body.
You are weak. (Str -2)


Message History

Confirm with . or Enter, or press ? or * to list all spells.
Okay, then.
Tentacles burst out of the water! 2 tentacles come into view.
Blink to where?
Press: ? - help, Dir - move target
As you read the scroll of blinking, it crumbles to dust.
You start resting.
HP restored.
You start waiting.
The walls and floor vibrate strangely for a moment.
You start waiting.
Done waiting.
Okay, then.
A death drake, a crystal guardian and a swamp drake come into view.
Found 3 smoky red potions.
The helpless swamp drake fails to defend itself.
You perforate the swamp drake like a sieve!!!!!
You kill the swamp drake!
Dithmenos accepts your kill.
Unknown command.
The helpless crystal guardian fails to defend itself.
You skewer the crystal guardian like a kebab!!!!!
You destroy the crystal guardian!
Dithmenos accepts your kill.
Your Conjurations skill increases to level 4!
Your Earth Magic skill increases to level 5!
You hit the swamp drake.
The swamp drake is lightly wounded.
The death drake barely misses you. The swamp drake bites you!
The death drake breathes miasma at you. The foul vapour engulfs you!
You are engulfed in dark miasma.
You are poisoned.
You feel very sick.
You are engulfed in dark miasma.
You are more poisoned.
You feel yourself slow down.
* * * LOW HITPOINT WARNING * * *
x2 You feel very sick.
You die...

≈§§§≈≈§## §≈≈≈≈§≈##
≈≈8≈≈§§≈##++## ≈≈≈§≈§##≈...### #
§≈≈≈≈##)≈.^...##
#+++#'''#####....#k##
...†.....#.††....#○k#
~.##+##..#..####.#○°# ~##...#
.####..'@##k# |▓$!!!?!(!▓
~#.##..# ...#..#°°°####▓?$![[)$$▓
###.######..#####°°##.#▓$?$(?$$?▓
.###'###†##..#..°..#..#▓)?)?$$$?▓
).##.##...#..#..#..#..#▓)[?$[$?(▓
#.'.<.'##.'..####..##)#▓!$!??)$?▓
..##.##.###....###...##▓▓▓▓▓▓▓+▓▓
.###'###.##......~~~~~~~~~~~~~..w
###.#.####§~.....§#'########+###V


There were no monsters in sight!

Vanquished Creatures
  A deep elf master archer (D)
  A crystal guardian (D)
  2 boulder beetles (D)
  3 shining eyes (D)
  A merfolk siren (D)
  A yaktaur (D)
  3 polar bears (D)
  A blink frog (D)
  A hornet (D)
  3 yaks (D)
  4 neqoxecs (D)
  4 water moccasins (D)
  A swamp drake (D)
  3 worms (D)
29 creatures vanquished.

Vanquished Creatures (others)
  Menkaure (D)
  A water moccasin (D)
  12 tentacles (D)
14 creatures vanquished.

Grand Total: 43 creatures vanquished

Notes
Turn   | Place    | Note
-------+----------+-------------------------------------------
     0 | D        | Groucho the Spriggan Enchanter began the quest for the Orb.
     0 | D        | Reached XP level 1. HP: 9/9 MP: 5/5
     3 | D        | Noticed a neqoxec
     3 | D        | Noticed a neqoxec
    11 | D        | Killed a neqoxec
    12 | D        | Reached skill level 4 in Short Blades
    12 | D        | Reached skill level 5 in Dodging
    12 | D        | Reached skill level 5 in Spellcasting
    12 | D        | Reached skill level 5 in Hexes
    12 | D        | Reached XP level 2. HP: 12/17 MP: 6/9
    12 | D        | Reached XP level 3. HP: 15/21 MP: 6/10
    12 | D        | Reached XP level 4. HP: 18/25 MP: 7/12
    22 | D        | Noticed a neqoxec
    22 | D        | Noticed a neqoxec
    25 | D        | Killed a neqoxec
    26 | D        | Reached skill level 5 in Fighting
    26 | D        | Reached skill level 5 in Short Blades
    26 | D        | Reached XP level 5. HP: 23/30 MP: 7/13
    26 | D        | Noticed an orange crystal statue
    27 | D        | Noticed a water moccasin
    30 | D        | Killed a water moccasin
    31 | D        | Reached skill level 15 in Stealth
    31 | D        | Reached XP level 6. HP: 27/35 MP: 8/14
    33 | D        | Gained mutation: You are weak. (Str -2) [a neqoxec]
    37 | D        | Gained mutation: Armour fits poorly on your strangely
                  | shaped body. [a neqoxec]
    41 | D        | Killed a neqoxec
    44 | D        | Killed a neqoxec
    45 | D        | Reached skill level 10 in Hexes
    45 | D        | Reached XP level 7. HP: 29/39 MP: 9/15
    58 | D        | Noticed a boulder beetle
    58 | D        | Noticed a boulder beetle
    64 | D        | Killed a boulder beetle
    65 | D        | Reached skill level 7 in Short Blades
    65 | D        | Reached XP level 8. HP: 35/43 MP: 10/16
    67 | D        | Killed a boulder beetle
    68 | D        | Reached skill level 11 in Short Blades
    78 | D        | Noticed a merfolk siren
    83 | D        | Killed a merfolk siren
    84 | D        | Reached skill level 13 in Short Blades
    84 | D        | Reached XP level 9. HP: 42/47 MP: 12/17
    89 | D        | Found Ser Esuno's Book Emporium.
    89 | D        | Found Jegeschoc's Magic Scroll Shoppe.
    89 | D        | Found Dagefuj's Jewellery Emporium.
    89 | D        | Found Paogach's Distillery.
    89 | D        | Found Huippe's Distillery.
    89 | D        | Found Lacuc's Magic Scroll Emporium.
    90 | D        | Found Ygomi's Jewellery Shoppe.
    90 | D        | Found Zuren's Book Emporium.
    90 | D        | Found Sohedoi's Book Shoppe.
    90 | D        | Found Epyxakk's Antique Weapon Shoppe.
    91 | D        | Found Giotuun's Antique Armour Shoppe.
    91 | D        | Found Carusarph's Distillery.
    92 | D        | Found Xuss's Antique Armour Shoppe.
    92 | D        | Found Ucashres's Assorted Antiques.
    93 | D        | Noticed an oklob plant
    94 | D        | Found Kaytoeb's Book Shoppe.
    95 | D        | Noticed an iron elemental
    99 | D        | Noticed a polar bear
   105 | D        | Noticed a polar bear
   121 | D        | Killed Menkaure
   140 | D        | Bought the ring of the Genius {Fly rPois rF+ rC+} for 543
                  | gold pieces
   180 | D        | Learned a level 2 spell: Ensorcelled Hibernation
   184 | D        | Learned a level 3 spell: Confusing Touch
   188 | D        | Learned a level 3 spell: Dazzling Flash
   207 | D        | Found an iron altar of Okawaru.
   207 | D        | Found a radiant altar of Vehumet.
   208 | D        | Found a glowing silver altar of Zin.
   211 | D        | Found a sparkling altar of Nemelex Xobeh.
   211 | D        | Found a hide-covered altar of Uskayaw.
   211 | D        | Found a basalt altar of Yredelemnul.
   212 | D        | Found an opulent altar of Gozag.
   212 | D        | Found a burning altar of Makhleb.
   212 | D        | Found a bloodstained altar of Trog.
   212 | D        | Found a shimmering altar of Xom.
   213 | D        | Found a blossoming altar of Fedhas.
   213 | D        | Found a corrupted altar of Lugonu.
   213 | D        | Found a shimmering blue altar of Sif Muna.
   214 | D        | Found a white marble altar of Elyvilon.
   214 | D        | Found an ancient bone altar of Kikubaaqudgha.
   214 | D        | Found a sacrificial altar of Ru.
   215 | D        | Found a shadowy altar of Dithmenos.
   215 | D        | Found a viscous altar of Jiyva.
   217 | D        | Found a snail-covered altar of Cheibriados.
   220 | D        | Found a hazy altar of Hepliaklqana.
   221 | D        | Found a glowing golden altar of the Shining One.
   221 | D        | Found an ornate altar of the Wu Jian Council.
   221 | D        | Found a stormy altar of Qazlal.
   230 | D        | Became a worshipper of Dithmenos the Shadowed
   247 | D        | Reached skill level 14 in Short Blades
   250 | D        | Reached * piety under Dithmenos
   265 | D        | Noticed a shining eye
   265 | D        | Noticed a shining eye
   265 | D        | Noticed a shining eye
   267 | D        | Killed a shining eye
   268 | D        | Reached skill level 15 in Short Blades
   268 | D        | Killed a shining eye
   269 | D        | Reached skill level 16 in Short Blades
   270 | D        | Killed a shining eye
   270 | D        | Reached ** piety under Dithmenos
   271 | D        | Reached skill level 17 in Short Blades
   278 | D        | Noticed a deep elf master archer
   284 | D        | Killed a deep elf master archer
   285 | D        | Reached skill level 19 in Short Blades
   285 | D        | Reached XP level 10. HP: 51/51 MP: 14/18
   299 | D        | Reached *** piety under Dithmenos
   345 | D        | Bought a book of Power for 588 gold pieces
   393 | D        | Reached skill level 1 in Conjurations
   393 | D        | Reached skill level 1 in Earth Magic
   397 | D        | Paralysed by a hornet for 2 turns
   404 | D        | Reached **** piety under Dithmenos
   424 | D        | Noticed a death drake
   711 | D        | Noticed a kraken
   739 | D        | Learned a level 6 spell: Iron Shot
   951 | D        | Noticed a death drake
   951 | D        | Noticed a crystal guardian
   954 | D        | Killed a crystal guardian
   955 | D        | Reached skill level 5 in Earth Magic
   959 | D        | Succumbed to something's dark miasma

Illustrated notes

Levels and vault maps discovered:
D:        the_violet_keep_of_menkaure [sprint2_stairs_cluster_1,
          sprint2_shoproom, sprint2_temple, sprint2_basic_supplies,
          sprint2_obstacle_3, sprint2_obstacle_7, sprint2_obstacle_4,
          sprint2_obstacle_5, sprint2_obstacle_6, sprint2_timed_cluster_1,
          sprint2_smallroom_cluster_1, sprint2_smallroom_final_cluster_1,
          sprint2_transparent_cluster_1, sprint2_second_timed_cluster_1,
          sprint2_sniper_area_1, sprint2_heavy_combat_area_1,
          sprint2_mutation_trap_area_1, sprint2_forest_area_1,
          sprint2_light_combat_area_1, sprint2_behind_water_1,
          sprint2_near_end_vault_1]

Skill      XL: |  1  2  3  4  5  6  7  8  9 10 |
---------------+-------------------------------+-----
Fighting       | 4 5 |  5.0
Short Blades   | 4 5 7 13 19 | 19.8
Dodging        | 5 |  5.0
Stealth        | 8 12 15 | 15.0
Spellcasting   | 5 |  5.0
Hexes          | 5 10 14 | 14.0
Conjurations   | 4 |  4.8
Earth Magic    | 5 |  5.8

Action                     |  1- 3 |  4- 6 |  7- 9 | 10-12 || total
---------------------------+-------+-------+-------+-------++-------
  Melee: Dagger            |     7 |    29 |    19 |    21 ||    76
   Cast: Ensorcelled Hiber |       |       |     3 |     8 ||    11
         Confusing Touch   |       |       |       |     3 ||     3
    Use: Potion            |     2 |       |     1 |     1 ||     4
         Scroll            |       |       |       |     1 ||     1
   Stab: Invisible         |     3 |     6 |     2 |       ||    11
         Sleeping          |       |       |    13 |     8 ||    21
         Confused          |       |       |       |     3 ||     3
  Dodge: Dodged            |     3 |     5 |     7 |    22 ||    37
